Map: Automaton LE

Players

Lambo - Winner!

  • Race: Zerg Zerg
  • League: Master
  • Spawn Location: 3:00

LiquidTLO (TLO)

  • Race: Zerg Zerg
  • League: Grandmaster
  • Spawn Location: 9:00

VOD

Have the link to the VOD?

Description

Time

  • Played on: Jan. 20, 2019, 11:04 a.m.
  • Length: 4:23
Show
View Real Time Build Order
Export as new Build Order

Lambo Zerg - Winner!

Build Orders: Hatch First 

Get SALT Encoding   

  12  0:01  Drone  
  13  0:13  Overlord  
  13  0:19  Drone  
  14  0:31  Drone x2  
  16  0:49  Hatchery  
  15  0:52  Drone  
  15  0:56  Drone  
  17  0:59  Drone  
  18  1:11  Extractor  
  18  1:14  Spawning Pool  
  18  1:18  Drone  
  17  1:21  Drone  
  18  1:28  Drone  
  19  1:39  Drone  
  20  1:52  Overlord  
  20  2:01  Queen x2  
  22  2:02  Drone  
  22  2:04  Zergling x2  
  26  2:12  Drone x2  
  26  2:14  Metabolic Boost  
  28  2:23  Drone x2  
  30  2:35  Zergling x4  
  32  2:41  Hatchery  
  31  2:47  Drone x2  
  33  2:53  Baneling Nest  
  33  2:57  Overlord  
  32  3:00  Drone  
  33  3:08  Zergling x6  
  36  3:15  Zergling x6  
  39  3:20  Overlord  
  39  3:21  Zergling x2  
  40  3:32  Drone x2  
  42  3:34  Zergling x2  
  42  3:38  Baneling x4  
  43  3:44  Drone  
  43  3:45  Drone x2, Zergling x2  
  47  3:49  Drone x2  
  47  3:53  Drone x2  
  47  3:54  Baneling x2  
  51  4:02  Drone x3  
  51  4:06  Drone x2  
Show
View Real Time Build Order
Export as new Build Order

LiquidTLO Zerg 

Build Orders: Hatch First 

Get SALT Encoding   

  12  0:08  Drone  
  12  0:09  Drone  
  14  0:18  Overlord  
  14  0:36  Drone x2  
  14  0:40  Drone  
  17  0:54  Hatchery  
  16  0:58  Drone  
  16  1:02  Drone  
  18  1:11  Extractor  
  18  1:17  Spawning Pool  
  16  1:20  Drone  
  16  1:24  Drone  
  18  1:36  Drone  
  19  1:45  Overlord  
  19  1:56  Drone  
  20  2:03  Queen  
  20  2:06  Zergling x2  
  20  2:07  Queen  
  20  2:08  Drone  
  26  2:13  Metabolic Boost  
  26  2:19  Drone x2  
  28  2:28  Drone x2  
  30  2:42  Hatchery  
  29  2:44  Zergling x2  
  29  2:47  Zergling x2  
  31  2:52  Overlord  
  31  2:54  Drone  
  32  3:01  Baneling Nest  
  32  3:02  Drone  
  32  3:04  Drone  
  33  3:11  Drone  
  33  3:13  Drone  
  33  3:14  Drone x2  
  33  3:16  Drone  
  33  3:19  Zergling x2  
  38  3:20  Drone  
  39  3:27  Zergling x2  
  39  3:30  Zergling x2  
  39  3:31  Overlord  
  41  3:35  Zergling x4  
  43  3:44  Baneling x2  
  43  3:45  Baneling  
  43  3:46  Zergling x2  
  44  3:53  Baneling, Drone x2  
  46  3:57  Drone  
  46  4:01  Drone  
  46  4:05  Drone  
  46  4:07  Drone  
Tags
 
Add a new tag
Caveats
  • Supply blocks, unpowered buildings, or Contaminate may cause inaccurate times.
  • Supply counts are checked every 10 seconds.